 Dungeon Crawl Stone Soup version 0.22-a0-617-g6d95e9e (webtiles) character file.

31 Amnesiac the Magician (level 3, -2/27 HPs)
             Began as a Mummy Wizard on July 13, 2018.
             Slain by a centaur (8 damage)
             ... on level 5 of the Dungeon.
             The game lasted 00:02:44 (1301 turns).

Amnesiac the Magician (Mummy Wizard)                Turns: 1301, Time: 00:02:45

Health: -2/27      AC:  2    Str: 10    XL:     3   Next: 7%
Magic:  1/8        EV: 12    Int: 21    God:
Gold:   117        SH:  0    Dex: 10    Spells: 1/10 levels left

rFire    x . .     SeeInvis .   d - +0 dagger
rCold    + . .     Gourm    .   (no shield)
rNeg     + + +     Faith    .   a - +0 robe
rPois    ∞         Spirit   .   (no helmet)
rElec    .         Reflect  .   (no cloak)
rCorr    .         Harm     .   (no gloves)
MR       .....                  (no boots)
Stlth    ++........             (no amulet)
HPRegen  0.09/turn              b - +2 ring of slaying
MPRegen  0.11/turn              i - +3 ring of intelligence

@: very slightly contaminated
A: no food or potions, fire vulnerability, cold resistance 1, negative energy
resistance 3, torment resistance, unbreathing
a: no special abilities


You were on level 5 of the Dungeon.
You were not hungry.

You visited 1 branch of the dungeon, and saw 5 of its levels.

You collected 117 gold pieces.

Inventory:

Hand Weapons
 d - a +0 dagger (weapon)
 g - a +0 blowgun
Missiles
 h - 12 poisoned needles
Armour
 a - a +0 robe (worn)
Jewellery
 b - a +2 ring of slaying (left hand)
 i - a +3 ring of intelligence (right hand)
 l - an uncursed ring of see invisible
Scrolls
 c - a scroll of remove curse {!r, unknown}
 e - 2 scrolls of enchant weapon {!r, unknown}
 f - a scroll of noise {!r, unknown}
 j - a scroll of teleportation {!r, unknown}
 k - 2 scrolls of identify {!r, unknown}
 m - a scroll of magic mapping {!r, unknown}


   Skills:
 + Level 1.9 Fighting
 * Level 2.2 Dodging
 - Level 1.5 Stealth
 - Level 4.0 Spellcasting
 - Level 1.0 Conjurations
 - Level 0.7 Summonings
   Level 0.7 Translocations


You had one spell level left.
You knew the following spells:

 Your Spells              Type           Power        Failure   Level  Hunger
a - Magic Dart            Conj           #...         8%          1    N/A
b - Call Imp              Summ           #.......     14%         2    N/A
e - Mephitic Cloud        Conj/Pois/Air  #.......     30%         3    N/A
s - Conjure Flame         Conj/Fire      #.......     28%         3    N/A

Your spell library contained the following spells:

 Spells                   Type           Power        Failure   Level  Hunger
 Slow                     Hex            #.......     19%         2    N/A
 Blink                    Tloc           N/A          14%         2    N/A

Dungeon Overview and Level Annotations

Branches:
Dungeon (5/15)
 Temple: D:4-7

Altars:
Okawaru

Shops:
D:4 }


Innate Abilities, Weirdness & Mutations

You do not eat or drink.
Your flesh is vulnerable to fire.
You are immune to poison.
Your flesh is cold resistant. (rC+)
You are immune to negative energy. (rN+++)
You are immune to unholy pain and torment.
You can survive without breathing.


Message History

Press: ? - help, Shift-Dir - straight line, f - centaur
Aim: a centaur, wielding a shortbow The ball explodes into a vile cloud!
The stinking cloud engulfs the centaur.
You hear a shout! x3
The centaur is engulfed in noxious fumes.
The centaur shoots an arrow.
The arrow hits you.
* * * LOW HITPOINT WARNING * * *
The centaur is engulfed in noxious fumes.
The centaur appears confused.
The centaur laughs at nothing.
Casting: Mephitic Cloud (safe; 30% risk of failure)
Confirm with . or Enter, or press ? or * to list all spells.
Aiming: Magic Dart (safe; 8% risk of failure)
Press: ? - help, Shift-Dir - straight line, f/p - centaur
Aim: a centaur, wielding a shortbow (noxious fumes, lightly wounded, confused)
You miscast Magic Dart.
You are very lightly contaminated with residual magic.
Nothing appears to happen.
The centaur is engulfed in noxious fumes. x2
The centaur unwields an uncursed shortbow.
The centaur closely misses your crimson imp.
Casting: Magic Dart (safe; 8% risk of failure)
Confirm with . or Enter, or press ? or * to list all spells.
Aiming: Magic Dart (safe; 8% risk of failure)
Press: ? - help, Shift-Dir - straight line, f/p - centaur
Aim: a centaur (noxious fumes, lightly wounded, confused)
The magic dart hits the centaur.
The centaur is lightly wounded.
The centaur is engulfed in noxious fumes.
The centaur appears confused.
Your crimson imp blinks!
Casting: Magic Dart (safe; 8% risk of failure)
Confirm with . or Enter, or press ? or * to list all spells.
Aiming: Magic Dart (safe; 8% risk of failure)
Press: ? - help, Shift-Dir - straight line, f/p - centaur
Aim: a centaur (noxious fumes, moderately wounded, confused)
The magic dart hits the centaur.
The centaur is moderately wounded.
The centaur is engulfed in noxious fumes.
The centaur appears confused.
The centaur is engulfed in noxious fumes.
The centaur appears confused.
You hit the centaur but do no damage.
The centaur is moderately wounded.
The centaur is engulfed in noxious fumes.
The centaur appears confused.
You hit the centaur but do no damage.
The centaur is moderately wounded.
A centaur is nearby!
You hit the centaur but do no damage.
The centaur is moderately wounded.
You catch the helpless centaur completely off-guard!
You hit the centaur.
The centaur is heavily wounded.
The centaur closely misses your crimson imp.
You hit the centaur.
The centaur is severely wounded.
Your crimson imp disappears in a puff of smoke!
The centaur shouts!
You hit the centaur.
The centaur is almost dead.
A worker ant comes into view.
The centaur hits you!
You die...

..##......#
.......#.###
.###...#...#
#...#.#.#
###...$.#
#.##....####
#####.'a......!..
#.c...##....#....
#..@.(##...##....#
#.....##...# ..$#
#.....##...# ..#
#..(..##..(# s.#
#....(##....
#########.c..


You could see a centaur (confused) and a worker ant.

Vanquished Creatures
  2 leopard geckos
  2 giant cockroaches (D:1)
  A goblin (D:1)
  3 hobgoblins
  2 jackals (D:3)
  3 kobolds
  2 bats
  5 frilled lizards
  5 rats
25 creatures vanquished.

Vanquished Creatures (collateral kills)
  An orc (D:3)
  A jackal (D:3)
  A quokka (D:3)
  A rat (D:3)
4 creatures vanquished.

Grand Total: 29 creatures vanquished

Notes
Turn   | Place    | Note
-------+----------+-------------------------------------------
     0 | D:1      | Amnesiac the Mummy Wizard began the quest for the Orb.
     0 | D:1      | Reached XP level 1. HP: 13/13 MP: 5/5
    27 | D:1      | Reached skill level 1 in Conjurations
   100 | D:1      | Reached skill level 1 in Fighting
   210 | D:1      | Reached XP level 2. HP: 18/21 MP: 0/7
   223 | D:1      | Learned a level 2 spell: Call Imp
   935 | D:4      | Found an iron altar of Okawaru.
  1113 | D:4      | Reached XP level 3. HP: 27/27 MP: 3/8
  1118 | D:4      | Learned a level 3 spell: Conjure Flame
  1122 | D:4      | Learned a level 3 spell: Mephitic Cloud
  1125 | D:4      | Found Esebaehu's Gadget Emporium.
  1249 | D:5      | Entered Level 5 of the Dungeon
  1280 | D:5      | Noticed a centaur
  1301 | D:5      | Slain by a centaur

Vault maps used:
D:1:      ncdulo_lavacross, minmay_misc_feat_pillars
D:2:      minmay_diamond_boxcup, minmay_misc_feat_room
D:3:      chequers_ecumenical_altar_simple
D:4:      old_standard_altar, serial_shops, shop, serial_park_tiny_1
D:5:      kennysheep_steamy, nicolae_overflow_crystal_walls,
          minmay_temple_entry_enclosed_plants, first_ration,
          minmay_fountain_box, uniq_menkaure

Skill      XL: |  1  2 |
---------------+-------+-----
Conjurations   | 1 |  1.0
Fighting       | 1 |  1.9
Dodging        | 2 |  2.2
Stealth        | |  1.5
Spellcasting   | |  4.0
Summonings     | |  0.7
Translocations | |  0.7

Action                   || total
-------------------------++-------
Melee: Unarmed           ||     9
       Dagger            ||    44
 Cast: Magic Dart        ||    41
       Call Imp          ||     3
       Mephitic Cloud    ||     1
 Stab: Sleeping          ||     1
       Confused          ||     1
Armor: Robe              ||     9
Dodge: Dodged            ||    44

Table legend:
 A = Spawn XP
 B = Non-spawn XP
 C = Spawn XP percentage of total XP
 D = Spawn monster count
 E = Non-spawn monster count
 F = Spawn count percentage of total count
 G = Total turns spent on level
                    A         B        C        D         E        F      G
               +---------+---------+-------+---------+---------+-------+---------
         Total |       0 |      45 |   0.0 |       0 |      29 |   0.0 |  1301
               +---------+---------+-------+---------+---------+-------+---------
           D:1 |       0 |      15 |   0.0 |       0 |       9 |   0.0 |   356
           D:2 |       0 |       9 |   0.0 |       0 |       7 |   0.0 |   206
           D:3 |       0 |      18 |   0.0 |       0 |      12 |   0.0 |   363
           D:4 |       0 |       3 |   0.0 |       0 |       1 |   0.0 |   337
               +---------+---------+-------+---------+---------+-------+---------
